Anaheim Ducks vs Colorado Rockies
(R3)
Created - Friday, April 11, 2025 at 08:55
Goals
|
| Anaheim Ducks |
1 |
1 |
0 |
2 |
| Colorado Rockies |
0 |
4 |
1 |
5 |
|
Shots
|
| Anaheim Ducks |
10 |
13 |
9 |
32 |
| Colorado Rockies |
6 |
13 |
12 |
31 |
|
1st period
1. Anaheim Ducks , William Nylander 26 (John Tavares 31) at 14:29 (PP)
Penalties :
Martin Fehervary (COL) for Delaying the game (Minor) at 5:47, Victor Hedman (COL) for Slashing (Minor) at 8:36, Nikita Zadorov (COL) for Interference (Minor) at 9:29, Nikita Zadorov (COL) for Delaying the game (Minor) at 14:25, John Tavares (ANA) for Roughing (Minor) at 16:34
2nd period
2. Colorado Rockies , Victor Hedman 7 (Nick Schmaltz 20, Quinn Hughes 15) at 0:55 (PP)
3. Colorado Rockies , Vince Dunn 4 (Kyle Connor 19, Nikita Zadorov 5) at 11:41 (PP)
4. Colorado Rockies , David Pastrnak 16 (Kyle Connor 20, Nikita Zadorov 6) at 16:04 (PP)
5. Colorado Rockies , Nick Schmaltz 11 (David Pastrnak 23) at 16:43
6. Anaheim Ducks , Alex Killorn 14 (J.T. Compher 10, Chandler Stephenson 13) at 17:34
Penalties :
David Pastrnak (COL) for Fighting (Major) at 0:32, Mark Scheifele (ANA) for Fighting (Major) at 0:32, Mark Scheifele (ANA) for instigated a fight (Minor) at 0:32, Mark Scheifele (ANA) for instigated a fight (10 Minutes Misconduct) at 0:32, Esa Lindell (ANA) for Roughing (Minor) at 0:37, Victor Hedman (COL) for Slashing (Minor) at 5:31, Michael Bunting (COL) for Cross-checking (Minor) at 8:00, Alex Killorn (ANA) for Hooking (Minor) at 8:49, Morgan Rielly (ANA) for High sticking (Minor) at 9:52, Mason Marchment (ANA) for Tripping (Minor) at 14:36
3rd period
7. Colorado Rockies , Kyle Connor 13 (David Pastrnak 24, Nick Schmaltz 21) at 7:14
Penalties :
Vince Dunn (COL) for Holding (Minor) at 1:30, Alex Killorn (ANA) for Hooking (Minor) at 4:09, David Pastrnak (COL) for Cross-checking (Minor) at 9:06
Goalie Stats
Linus Ullmark (ANA), 26 saves from 31 shots - (0.839), L, 23-15-2, 60:00 minutes
Joey Daccord (COL), 30 saves from 32 shots - (0.938), W, 21-15-5, 60:00 minutes
Players Stats for Anaheim Ducks
Player Name G A P +/- PIM S H SB GA TA FO MP PP MP PK MP
------------------------------------------------------------------------------------
Alex Killorn 1 0 1 1 4 2 2 0 0 1 0/1 15:42 5:35 2:18
Alexandre Texier 0 0 0 0 0 0 1 0 0 0 2/3 9:35 0:57 1:44
Alexey Toropchenko 0 0 0 0 0 1 0 0 0 0 0/0 6:03 0:00 0:00
Brayden Schenn 0 0 0 -1 0 6 0 1 0 0 1/1 22:30 6:11 4:48
Brenden Dillon 0 0 0 1 0 2 0 1 0 0 0/0 13:01 0:00 3:57
Chandler Stephenson 0 1 1 1 0 1 1 0 0 0 1/1 9:45 0:04 1:55
Esa Lindell 0 0 0 0 2 2 1 1 0 0 0/0 21:42 0:00 4:53
Ivan Provorov 0 0 0 -1 0 0 3 0 0 1 0/0 23:29 4:59 6:25
J.T. Compher 0 1 1 1 0 0 1 1 0 1 4/13 13:21 0:17 5:33
Jakob Chychrun 0 0 0 0 0 1 0 0 0 0 0/0 16:26 6:42 0:28
John Tavares 0 1 1 -1 2 7 3 0 0 0 9/14 20:45 6:01 0:42
Joshua Morrissey 0 0 0 0 0 1 1 2 1 0 0/0 27:13 6:42 2:54
Luke Evangelista 0 0 0 0 0 0 0 0 0 0 0/0 6:03 0:00 0:00
Mark Scheifele 0 0 0 -1 17 0 1 0 0 0 4/8 13:15 4:06 0:00
Mason Marchment 0 0 0 -1 2 2 1 0 1 0 0/0 11:00 0:00 0:00
Morgan Rielly 0 0 0 -2 2 1 0 1 0 0 0/0 18:07 4:59 0:00
Nazem Kadri 0 0 0 -1 0 1 0 0 0 0 17/26 18:48 5:36 0:15
William Nylander 1 0 1 -1 0 5 1 0 3 1 0/2 21:32 6:15 0:09
Players Stats for Colorado Rockies
Player Name G A P +/- PIM S H SB GA TA FO MP PP MP PK MP
------------------------------------------------------------------------------------
Andrew Peeke 0 0 0 0 0 0 1 1 0 1 0/0 11:38 0:00 2:11
David Pastrnak 1 2 3 2 7 8 2 1 1 1 0/1 19:59 3:09 4:38
Evgeny Kuznetsov 0 0 0 0 0 0 0 0 0 0 0/1 2:53 0:56 0:00
Jesper Bratt 0 0 0 0 0 3 0 0 1 0 0/1 22:50 4:52 5:26
Kevin Hayes 0 0 0 0 0 0 0 0 0 0 0/0 0:21 0:15 0:00
Kyle Connor 1 2 3 2 0 2 0 0 0 0 0/2 17:05 4:20 0:11
Kyle Palmieri 0 0 0 -1 0 2 0 0 0 0 0/0 11:18 0:00 1:00
Martin Fehervary 0 0 0 1 2 0 0 3 0 1 0/0 12:51 0:00 0:22
Michael Bunting 0 0 0 -1 2 0 1 0 0 0 0/1 13:05 0:05 0:00
Nick Bonino 0 0 0 0 0 0 0 0 0 0 0/0 3:07 0:00 0:00
Nick Schmaltz 1 2 3 2 0 3 1 2 0 0 10/14 16:54 4:20 0:00
Nikita Kucherov 0 0 0 0 0 5 0 1 2 0 3/9 24:53 4:47 5:33
Nikita Zadorov 0 2 2 1 4 1 2 1 0 1 0/0 23:16 4:28 4:43
Philipp Kurashev 0 0 0 -1 0 0 1 0 0 0 3/10 10:18 0:00 0:00
Quinn Hughes 0 1 1 0 0 1 1 1 0 0 0/0 26:55 4:44 6:27
Tim Stutzle 0 0 0 0 0 3 3 0 0 0 15/30 22:50 4:52 5:26
Victor Hedman 1 0 1 0 4 2 2 2 0 0 0/0 24:17 4:44 4:22
Vince Dunn 1 0 1 0 2 1 1 1 0 1 0/0 21:24 4:28 5:18
3 Stars
1 - Nick Schmaltz (COL)
2 - Kyle Connor (COL)
3 - David Pastrnak (COL)
Power Play
Anaheim Ducks - 1 on 8 Attempt(s) - 12.50%
Colorado Rockies - 3 on 7 Attempt(s) - 42.86%
Penalty Kill
Anaheim Ducks - 4 on 7 Attempt(s) - 57.14%
- Score 0 goal in Penalty Kill
Colorado Rockies - 7 on 8 Attempt(s) - 87.50%
- Score 0 goal in Penalty Kill
Team Stat
Anaheim Ducks - Hits : 16 - Faceoff Wins : 38 - Blocked Shots : 7 - Penalty Minutes : 29
Colorado Rockies - Hits : 15 - Faceoff Wins : 31 - Blocked Shots : 13 - Penalty Minutes : 21
Official
Referees : Brian Pochmara and Marc Joannette
Linesman : Ryan Jackson and Brandon Gawryletz
Game Notes
David Pastrnak and Mark Scheifele fight to a draw at 0:32 of 2nd period
Finance
Level 1 -- Attendance: 6000 (100.00%) -- Ticket Income $540,000
Level 2 -- Attendance: 4501 (90.02%) -- Ticket Income $247,555
Level 3 -- Attendance: 2489 (82.97%) -- Ticket Income $87,115
Level 4 -- Attendance: 3654 (73.08%) -- Ticket Income $91,350
Luxury Box -- Attendance: 951 (95.10%) -- Ticket Income $166,425
Game was played at the Pepsi Center.
Total Attendance: 17595 (87.98%)
Total Ticket Income: $1,132,445
Other Income: $396,356
Total Income: $1,528,801
Anaheim Ducks
5 vs 5 Forward
Center Left Wing Right Wing Time % Phy DF OF
1 Nazem Kadri John Tavares William Nylander 40 1 2 2
2 Mark Scheifele Brayden Schenn Mason Marchment 30 1 2 2
3 Chandler Stephenson J.T. Compher Alex Killorn 20 1 2 2
4 Alexandre Texier Alexey Toropchenko Luke Evangelista 10 1 2 2
5 vs 5 Defense
Defense Defense Time % Phy DF OF
1 Esa Lindell Joshua Morrissey 40 1 2 2
2 Ivan Provorov Morgan Rielly 35 1 2 2
3 Brenden Dillon Jakob Chychrun 25 1 2 2
4 Esa Lindell Ivan Provorov 0 1 2 2
PowerPlay Forward
Center Left Wing Right Wing Time % Phy DF OF
1 John Tavares Brayden Schenn William Nylander 60 1 1 3
2 Nazem Kadri Alex Killorn Mark Scheifele 40 1 1 3
PowerPlay Defense
Defense Defense Time % Phy DF OF
1 Jakob Chychrun Joshua Morrissey 60 1 1 3
2 Ivan Provorov Morgan Rielly 40 1 2 2
Penalty Kill 4 Players Forward
Center Wing Time % Phy DF OF
1 J.T. Compher Brayden Schenn 60 1 3 1
2 Chandler Stephenson Alex Killorn 40 1 3 1
Penalty Kill 4 Players Defense
Defense Defense Time % Phy DF OF
1 Esa Lindell Ivan Provorov 60 1 3 1
2 Joshua Morrissey Brenden Dillon 40 1 3 1
Penalty Kill - 3 Players Forward
Forward Time % Phy DF OF
1 J.T. Compher 60 1 4 0
2 Brayden Schenn 40 1 4 0
Penalty Kill - 3 Players Defense
Defense Defense Time % Phy DF OF
1 Esa Lindell Ivan Provorov 60 1 4 0
2 Joshua Morrissey Brenden Dillon 40 1 4 0
4 vs 4 Forward
Center Wing Time % Phy DF OF
1 Mark Scheifele William Nylander 60 1 2 2
2 Nazem Kadri John Tavares 40 1 2 2
4 vs 4 Defense
Defense Defense Time % Phy DF OF
1 Esa Lindell Joshua Morrissey 60 1 2 2
2 Morgan Rielly Ivan Provorov 40 1 2 2
Last Minutes Offensive
Center Left Wing Right Wing Defense Defense
Nazem Kadri John Tavares William Nylander Joshua Morrissey Morgan Rielly
Last Minutes Defensive
Center Left Wing Right Wing Defense Defense
J.T. Compher Alex Killorn Brayden Schenn Ivan Provorov Esa Lindell
Goaltenders
Starting : Linus Ullmark
Backup : James Reimer
Extra Forwards
Normal : William Nylander, John Tavares, Brayden Schenn - PP : Nazem Kadri, William Nylander - PK : J.T. Compher
Extra Defensemen
Normal : Esa Lindell, Morgan Rielly, Brenden Dillon - PP : Joshua Morrissey - PK : Esa Lindell, Ivan Provorov
Penalty Shots
Alexandre Texier, Brenden Dillon, Mark Scheifele, John Tavares, Brayden Schenn
Scratches
Josh Manson (Healthy)
Colorado Rockies
5 vs 5 Forward
Center Left Wing Right Wing Time % Phy DF OF
1 Tim Stutzle Jesper Bratt Nikita Kucherov 30 1 2 2
2 Nick Schmaltz Kyle Connor David Pastrnak 30 1 2 2
3 Philipp Kurashev Kyle Palmieri Michael Bunting 25 1 2 2
4 Nick Bonino Michael Bunting Nikita Kucherov 15 1 2 2
5 vs 5 Defense
Defense Defense Time % Phy DF OF
1 Victor Hedman Quinn Hughes 30 1 2 2
2 Nikita Zadorov Martin Fehervary 30 1 2 2
3 Vince Dunn Andrew Peeke 25 1 2 2
4 Victor Hedman Quinn Hughes 15 1 2 2
PowerPlay Forward
Center Left Wing Right Wing Time % Phy DF OF
1 Tim Stutzle Jesper Bratt Nikita Kucherov 50 1 2 2
2 Nick Schmaltz Kyle Connor David Pastrnak 50 1 2 2
PowerPlay Defense
Defense Defense Time % Phy DF OF
1 Victor Hedman Quinn Hughes 50 1 2 2
2 Nikita Zadorov Vince Dunn 50 1 2 2
Penalty Kill 4 Players Forward
Center Wing Time % Phy DF OF
1 Nikita Kucherov David Pastrnak 50 1 2 2
2 Tim Stutzle Jesper Bratt 50 1 2 2
Penalty Kill 4 Players Defense
Defense Defense Time % Phy DF OF
1 Victor Hedman Vince Dunn 50 1 2 2
2 Nikita Zadorov Quinn Hughes 50 1 2 2
Penalty Kill - 3 Players Forward
Forward Time % Phy DF OF
1 Nikita Kucherov 50 1 2 2
2 David Pastrnak 50 1 2 2
Penalty Kill - 3 Players Defense
Defense Defense Time % Phy DF OF
1 Victor Hedman Vince Dunn 50 1 2 2
2 Nikita Zadorov Quinn Hughes 50 1 2 2
4 vs 4 Forward
Center Wing Time % Phy DF OF
1 Nikita Kucherov David Pastrnak 50 1 2 2
2 Tim Stutzle Jesper Bratt 50 1 2 2
4 vs 4 Defense
Defense Defense Time % Phy DF OF
1 Victor Hedman Quinn Hughes 50 1 2 2
2 Nikita Zadorov Vince Dunn 50 1 2 2
Last Minutes Offensive
Center Left Wing Right Wing Defense Defense
Tim Stutzle Jesper Bratt Nikita Kucherov Victor Hedman Quinn Hughes
Last Minutes Defensive
Center Left Wing Right Wing Defense Defense
Tim Stutzle Jesper Bratt Nikita Kucherov Victor Hedman Quinn Hughes
Goaltenders
Starting : Joey Daccord
Backup : Daniil Tarasov
Extra Forwards
Normal : Evgeny Kuznetsov, Kevin Hayes, Kyle Palmieri - PP : Evgeny Kuznetsov, Kevin Hayes - PK : Kyle Palmieri
Extra Defensemen
Normal : Vince Dunn, Victor Hedman, Nikita Zadorov - PP : Vince Dunn - PK : Victor Hedman, Nikita Zadorov
Penalty Shots
Nikita Kucherov, David Pastrnak, Tim Stutzle, Jesper Bratt, Kyle Connor
Scratches
None
% Time on Ice - Anaheim Ducks
Lines # - Real PCT - Wanted PCT - Time Play
Normal Forward
1 - 35% - 40% - 13:09
2 - 30% - 30% - 11:34
3 - 19% - 20% - 7:11
4 - 16% - 10% - 6:03
Normal Defense
1 - 43% - 40% - 16:12
2 - 36% - 35% - 13:46
3 - 21% - 25% - 7:59
4 - 0% - 0% - 0:00
PP Forward
1 - 50% - 60% - 5:49
2 - 50% - 40% - 5:52
PP Defense
1 - 57% - 60% - 6:42
2 - 43% - 40% - 4:59
PK Forward
1 - 71% - 60% - 5:43
2 - 29% - 40% - 2:22
PK Defense
1 - 70% - 60% - 5:40
2 - 30% - 40% - 2:25
PK3 Forward
1 - 99% - 60% - 1:13
2 - 1% - 40% - 0:01
PK3 Defense
1 - 99% - 60% - 1:13
2 - 1% - 40% - 0:01
44 Forward
1 - 100% - 60% - 1:03
2 - 0% - 40% - 0:00
44 Defense
1 - 83% - 60% - 0:52
2 - 17% - 40% - 0:11
Last Minute Offensive - 0:00
Last Minute Defensive - 0:00
Total
Forward - 60:00
Defense - 60:00
|
% Time on Ice - Colorado Rockies
Lines # - Real PCT - Wanted PCT - Time Play
Normal Forward
1 - 30% - 30% - 11:26
2 - 35% - 30% - 13:06
3 - 27% - 25% - 10:18
4 - 8% - 15% - 3:07
Normal Defense
1 - 32% - 30% - 12:04
2 - 34% - 30% - 12:55
3 - 26% - 25% - 9:48
4 - 8% - 15% - 3:10
PP Forward
1 - 52% - 50% - 4:47
2 - 48% - 50% - 4:25
PP Defense
1 - 51% - 50% - 4:44
2 - 49% - 50% - 4:28
PK Forward
1 - 49% - 50% - 5:09
2 - 51% - 50% - 5:26
PK Defense
1 - 58% - 50% - 6:11
2 - 42% - 50% - 4:24
PK3 Forward
1 - 53% - 50% - 0:35
2 - 47% - 50% - 0:31
PK3 Defense
1 - 59% - 50% - 0:39
2 - 41% - 50% - 0:27
44 Forward
1 - 50% - 50% - 0:35
2 - 50% - 50% - 0:35
44 Defense
1 - 36% - 50% - 0:25
2 - 64% - 50% - 0:45
Last Minute Offensive - 0:00
Last Minute Defensive - 0:00
Total
Forward - 60:00
Defense - 60:00
|
Play-by-Play
1st period
0:01 of 1st period - Nazem Kadri wins face-off versus Tim Stutzle in neutral zone.
0:35 of 1st period - Wrist shot by Kyle Connor.
0:35 of 1st period - Shot Misses the Net.
0:37 of 1st period - Snap shot by Nick Schmaltz.
0:37 of 1st period - Stopped by Linus Ullmark without a rebound.
0:38 of 1st period - Philipp Kurashev wins face-off versus J.T. Compher in Anaheim Ducks zone.
1:28 of 1st period - Icing by Martin Fehervary.
1:29 of 1st period - Nazem Kadri wins face-off versus Tim Stutzle in Colorado Rockies zone.
2:04 of 1st period - Slapshot by Brayden Schenn.
2:04 of 1st period - Shot Blocked by Martin Fehervary.
2:18 of 1st period - David Pastrnak is hit by Chandler Stephenson and loses puck.
3:41 of 1st period - Wrist shot by Luke Evangelista.
3:41 of 1st period - Shot Misses the Net.
4:18 of 1st period - Wrist shot by Kyle Connor.
4:18 of 1st period - Stopped by Linus Ullmark with a rebound.
4:28 of 1st period - Snap shot by Mason Marchment.
4:28 of 1st period - Stopped by Joey Daccord without a rebound.
4:29 of 1st period - Chandler Stephenson wins face-off versus Philipp Kurashev in Colorado Rockies zone.
4:38 of 1st period - Snap shot by Chandler Stephenson.
4:38 of 1st period - Shot Misses the Net.
4:40 of 1st period - Snap shot by J.T. Compher.
4:40 of 1st period - Shot Blocked by Victor Hedman.
4:42 of 1st period - Wrist shot by Alex Killorn.
4:42 of 1st period - Shot Misses the Net.
4:44 of 1st period - Slapshot by Esa Lindell.
4:44 of 1st period - Deflect By Victor Hedman.
4:44 of 1st period - Stopped by Joey Daccord without a rebound.
4:45 of 1st period - Nazem Kadri wins face-off versus Nick Schmaltz in Colorado Rockies zone.
4:52 of 1st period - Snap shot by William Nylander.
4:52 of 1st period - Stopped by Joey Daccord without a rebound.
4:53 of 1st period - Nazem Kadri wins face-off versus Nick Schmaltz in Colorado Rockies zone.
5:16 of 1st period - Snap shot by Kyle Connor.
5:16 of 1st period - Shot Blocked by Joshua Morrissey.
5:36 of 1st period - Wrist shot by John Tavares.
5:36 of 1st period - Shot Misses the Net.
5:38 of 1st period - Slapshot by Esa Lindell.
5:38 of 1st period - Shot Blocked by Nick Schmaltz.
5:40 of 1st period - Slapshot by Esa Lindell.
5:40 of 1st period - Stopped by Joey Daccord without a rebound.
5:41 of 1st period - Mark Scheifele wins face-off versus Michael Bunting in Colorado Rockies zone.
5:47 of 1st period - Minor Penalty to Martin Fehervary for Delaying the game.
5:48 of 1st period - Tim Stutzle wins face-off versus John Tavares in Colorado Rockies zone.
5:56 of 1st period - Snap shot by John Tavares.
5:56 of 1st period - Stopped by Joey Daccord with a rebound.
5:58 of 1st period - Slapshot by Joshua Morrissey.
5:58 of 1st period - Shot Blocked by Nikita Kucherov.
6:00 of 1st period - Slapshot by Jakob Chychrun.
6:00 of 1st period - Shot Misses the Net.
6:02 of 1st period - Wrist shot by John Tavares.
6:02 of 1st period - Stopped by Joey Daccord with a rebound.
6:31 of 1st period - Off-side.
6:32 of 1st period - John Tavares wins face-off versus Nikita Kucherov in neutral zone.
6:37 of 1st period - Wrist shot by William Nylander.
6:37 of 1st period - Stopped by Joey Daccord with a rebound.
6:39 of 1st period - Snap shot by Brayden Schenn.
6:39 of 1st period - Shot Blocked by David Pastrnak.
7:01 of 1st period - Tim Stutzle is hit by Ivan Provorov and loses puck.
7:47 of 1st period - Penalty to Martin Fehervary is over, Martin Fehervary is back on ice.
8:00 of 1st period - Kyle Palmieri is hit by Alexandre Texier.
8:36 of 1st period - Minor Penalty to Victor Hedman for Slashing.
8:37 of 1st period - John Tavares wins face-off versus Nikita Kucherov in Colorado Rockies zone.
8:49 of 1st period - Slapshot by William Nylander.
8:49 of 1st period - Shot Blocked by Quinn Hughes.
8:51 of 1st period - Slapshot by Brayden Schenn.
8:51 of 1st period - Stopped by Joey Daccord with a rebound.
8:53 of 1st period - Snap shot by John Tavares.
8:53 of 1st period - Shot Misses the Net.
9:14 of 1st period - Off-side.
9:15 of 1st period - Nikita Kucherov wins face-off versus Nazem Kadri in neutral zone.
9:20 of 1st period - Wrist shot by Nikita Kucherov.
9:20 of 1st period - Shot Misses the Net.
9:22 of 1st period - Snap shot by David Pastrnak.
9:22 of 1st period - Stopped by Linus Ullmark without a rebound.
9:23 of 1st period - Tim Stutzle wins face-off versus Alex Killorn in Anaheim Ducks zone.
9:24 of 1st period - Snap shot by Jesper Bratt.
9:24 of 1st period - Stopped by Linus Ullmark with a rebound.
9:29 of 1st period - Minor Penalty to Nikita Zadorov for Interference.
9:30 of 1st period - John Tavares wins face-off versus Nikita Kucherov in Colorado Rockies zone.
9:38 of 1st period - Brayden Schenn is hit by David Pastrnak.
10:36 of 1st period - Penalty to Victor Hedman is over, Victor Hedman is back on ice.
11:29 of 1st period - Penalty to Nikita Zadorov is over, Nikita Zadorov is back on ice.
11:35 of 1st period - Martin Fehervary is hit by Esa Lindell.
11:41 of 1st period - Snap shot by Jesper Bratt.
11:41 of 1st period - Shot Misses the Net.
12:12 of 1st period - Brenden Dillon is hit by Victor Hedman and loses puck.
12:17 of 1st period - Snap shot by David Pastrnak.
12:17 of 1st period - Stopped by Linus Ullmark with a rebound.
12:48 of 1st period - Brayden Schenn is hit by Vince Dunn.
12:49 of 1st period - Icing by Brayden Schenn.
12:50 of 1st period - Mark Scheifele wins face-off versus Philipp Kurashev in Anaheim Ducks zone.
13:23 of 1st period - Nick Schmaltz is hit by John Tavares and loses puck.
13:41 of 1st period - Snap shot by Nikita Kucherov.
13:41 of 1st period - Shot Misses the Net.
13:43 of 1st period - Slapshot by Quinn Hughes.
13:43 of 1st period - Shot Misses the Net.
13:45 of 1st period - Snap shot by Jesper Bratt.
13:45 of 1st period - Stopped by Linus Ullmark with a rebound.
14:25 of 1st period - Minor Penalty to Nikita Zadorov for Delaying the game.
14:26 of 1st period - John Tavares wins face-off versus Nikita Kucherov in Colorado Rockies zone.
14:29 of 1st period - Slapshot by William Nylander.
14:29 of 1st period - Goal by William Nylander - Anaheim Ducks : 1 - Colorado Rockies : 0.
14:30 of 1st period - Nazem Kadri wins face-off versus Tim Stutzle in neutral zone.
14:56 of 1st period - Mason Marchment is hit by Michael Bunting and loses puck.
15:42 of 1st period - Slapshot by Tim Stutzle.
15:42 of 1st period - Shot Misses the Net.
15:56 of 1st period - Wrist shot by Mason Marchment.
15:56 of 1st period - Stopped by Joey Daccord without a rebound.
15:57 of 1st period - Mark Scheifele wins face-off versus Philipp Kurashev in Colorado Rockies zone.
16:10 of 1st period - Slapshot by Quinn Hughes.
16:10 of 1st period - Shot Misses the Net.
16:25 of 1st period - Off-side.
16:26 of 1st period - Nick Schmaltz wins face-off versus Nazem Kadri in neutral zone.
16:34 of 1st period - Minor Penalty to John Tavares for Roughing.
16:35 of 1st period - Tim Stutzle wins face-off versus J.T. Compher in Anaheim Ducks zone.
17:38 of 1st period - Alex Killorn is hit by David Pastrnak and loses puck.
18:34 of 1st period - Penalty to John Tavares is over, John Tavares is back on ice.
19:08 of 1st period - Wrist shot by Luke Evangelista.
19:08 of 1st period - Shot Misses the Net.
19:10 of 1st period - Slapshot by Alexandre Texier.
19:10 of 1st period - Shot Misses the Net.
19:30 of 1st period - Victor Hedman is hit by Mark Scheifele and loses puck.
Goals for this period are 1 for Anaheim Ducks vs 0 for Colorado Rockies.
Shots for this period are 10 for Anaheim Ducks vs 6 for Colorado Rockies.
2nd period
0:01 of 2nd period - Tim Stutzle wins face-off versus Nazem Kadri in neutral zone.
0:07 of 2nd period - Icing by Joshua Morrissey.
0:08 of 2nd period - Nazem Kadri wins face-off versus Tim Stutzle in Anaheim Ducks zone.
0:27 of 2nd period - Snap shot by Jesper Bratt.
0:27 of 2nd period - Deflect By Nikita Kucherov.
0:27 of 2nd period - Shot Misses the Net.
0:27 of 2nd period - Puck is out of play.
0:28 of 2nd period - Nick Schmaltz wins face-off versus Mark Scheifele in Anaheim Ducks zone.
0:32 of 2nd period - David Pastrnak and Mark Scheifele fight to a draw.
0:32 of 2nd period - Penalty to David Pastrnak for Fighting.
0:32 of 2nd period - Penalty to Mark Scheifele for Fighting.
0:32 of 2nd period - Penalty to Mark Scheifele for instigated a fight.
0:32 of 2nd period - Penalty to Mark Scheifele for instigated a fight.
0:33 of 2nd period - Nick Schmaltz wins face-off versus J.T. Compher in Anaheim Ducks zone.
0:37 of 2nd period - Minor Penalty to Esa Lindell for Roughing.
0:38 of 2nd period - J.T. Compher wins face-off versus Evgeny Kuznetsov in Anaheim Ducks zone.
0:51 of 2nd period - Slapshot by Nick Schmaltz.
0:51 of 2nd period - Shot Blocked by J.T. Compher.
0:53 of 2nd period - Wrist shot by Nick Schmaltz.
0:53 of 2nd period - Stopped by Linus Ullmark with a rebound.
0:55 of 2nd period - Snap shot by Victor Hedman.
0:55 of 2nd period - Goal by Victor Hedman - Anaheim Ducks : 1 - Colorado Rockies : 1.
0:56 of 2nd period - Tim Stutzle wins face-off versus J.T. Compher in neutral zone.
1:07 of 2nd period - Snap shot by Brayden Schenn.
1:07 of 2nd period - Stopped by Joey Daccord with a rebound.
2:32 of 2nd period - Vince Dunn is hit by John Tavares.
2:37 of 2nd period - Penalty to Esa Lindell is over, Esa Lindell is back on ice.
2:46 of 2nd period - Snap shot by William Nylander.
2:46 of 2nd period - Stopped by Joey Daccord with a rebound.
3:29 of 2nd period - Chandler Stephenson is hit by Philipp Kurashev and loses puck.
4:18 of 2nd period - Vince Dunn is hit by John Tavares and loses puck.
4:35 of 2nd period - Slapshot by Joshua Morrissey.
4:35 of 2nd period - Stopped by Joey Daccord without a rebound.
4:36 of 2nd period - Alexandre Texier wins face-off versus Philipp Kurashev in Colorado Rockies zone.
4:55 of 2nd period - Jakob Chychrun is hit by Tim Stutzle.
5:17 of 2nd period - Snap shot by William Nylander.
5:17 of 2nd period - Shot Blocked by Nick Schmaltz.
5:25 of 2nd period - Snap shot by Brayden Schenn.
5:25 of 2nd period - Stopped by Joey Daccord with a rebound.
5:31 of 2nd period - Minor Penalty to Victor Hedman for Slashing.
5:32 of 2nd period - Penalty to David Pastrnak is over, David Pastrnak is back on ice.
5:32 of 2nd period - Nikita Kucherov wins face-off versus John Tavares in Colorado Rockies zone.
5:58 of 2nd period - Vince Dunn is hit by Alex Killorn and loses puck.
7:31 of 2nd period - Penalty to Victor Hedman is over, Victor Hedman is back on ice.
7:44 of 2nd period - Slapshot by Kyle Palmieri.
7:44 of 2nd period - Stopped by Linus Ullmark without a rebound.
7:45 of 2nd period - Philipp Kurashev wins face-off versus William Nylander in Anaheim Ducks zone.
8:00 of 2nd period - Minor Penalty to Michael Bunting for Cross-checking.
8:01 of 2nd period - Nikita Kucherov wins face-off versus Nazem Kadri in Colorado Rockies zone.
8:01 of 2nd period - Nikita Kucherov is hit by Alex Killorn.
8:17 of 2nd period - Slapshot by Joshua Morrissey.
8:17 of 2nd period - Shot Misses the Net.
8:49 of 2nd period - Minor Penalty to Alex Killorn for Hooking.
8:50 of 2nd period - John Tavares wins face-off versus David Pastrnak in Anaheim Ducks zone.
9:04 of 2nd period - Snap shot by David Pastrnak.
9:04 of 2nd period - Deflect By Nikita Kucherov.
9:04 of 2nd period - Shot Blocked by Esa Lindell.
9:04 of 2nd period - Puck is out of play.
9:05 of 2nd period - Tim Stutzle wins face-off versus John Tavares in Anaheim Ducks zone.
9:08 of 2nd period - Slapshot by Tim Stutzle.
9:08 of 2nd period - Stopped by Linus Ullmark without a rebound.
9:09 of 2nd period - Tim Stutzle wins face-off versus John Tavares in Anaheim Ducks zone.
9:24 of 2nd period - Backhand shot by Tim Stutzle.
9:24 of 2nd period - Stopped by Linus Ullmark with a rebound.
9:26 of 2nd period - Snap shot by Vince Dunn.
9:26 of 2nd period - Shot Misses the Net.
9:52 of 2nd period - Minor Penalty to Morgan Rielly for High sticking.
9:53 of 2nd period - J.T. Compher wins face-off versus Tim Stutzle in Anaheim Ducks zone.
10:00 of 2nd period - Penalty to Michael Bunting is over, Michael Bunting is back on ice.
10:04 of 2nd period - Wrist shot by Tim Stutzle.
10:04 of 2nd period - Stopped by Linus Ullmark without a rebound.
10:05 of 2nd period - Tim Stutzle wins face-off versus J.T. Compher in Anaheim Ducks zone.
10:12 of 2nd period - Wrist shot by Nikita Kucherov.
10:12 of 2nd period - Stopped by Linus Ullmark without a rebound.
10:13 of 2nd period - Tim Stutzle wins face-off versus J.T. Compher in Anaheim Ducks zone.
10:49 of 2nd period - Penalty to Alex Killorn is over, Alex Killorn is back on ice.
11:11 of 2nd period - Wrist shot by Nikita Kucherov.
11:11 of 2nd period - Shot Blocked by Joshua Morrissey.
11:13 of 2nd period - Wrist shot by Nikita Kucherov.
11:13 of 2nd period - Shot Misses the Net.
11:15 of 2nd period - Slapshot by Quinn Hughes.
11:15 of 2nd period - Deflect By Jesper Bratt.
11:15 of 2nd period - Deflect By Brayden Schenn.
11:15 of 2nd period - Shot Blocked by Brenden Dillon.
11:15 of 2nd period - Puck is out of play.
11:16 of 2nd period - J.T. Compher wins face-off versus Nick Schmaltz in Anaheim Ducks zone.
11:29 of 2nd period - Wrist shot by David Pastrnak.
11:29 of 2nd period - Stopped by Linus Ullmark without a rebound.
11:30 of 2nd period - Nick Schmaltz wins face-off versus J.T. Compher in Anaheim Ducks zone.
11:39 of 2nd period - Snap shot by Kyle Connor.
11:39 of 2nd period - Shot Misses the Net.
11:41 of 2nd period - Slapshot by Vince Dunn.
11:41 of 2nd period - Goal by Vince Dunn - Anaheim Ducks : 1 - Colorado Rockies : 2.
11:42 of 2nd period - Nazem Kadri wins face-off versus Nikita Kucherov in neutral zone.
11:45 of 2nd period - Snap shot by John Tavares.
11:45 of 2nd period - Stopped by Joey Daccord with a rebound.
11:47 of 2nd period - Slapshot by Esa Lindell.
11:47 of 2nd period - Shot Misses the Net.
11:49 of 2nd period - Wrist shot by Nazem Kadri.
11:49 of 2nd period - Shot Misses the Net.
11:51 of 2nd period - Snap shot by John Tavares.
11:51 of 2nd period - Stopped by Joey Daccord without a rebound.
11:52 of 2nd period - Nazem Kadri wins face-off versus Tim Stutzle in Colorado Rockies zone.
11:53 of 2nd period - Snap shot by John Tavares.
11:53 of 2nd period - Stopped by Joey Daccord without a rebound.
11:54 of 2nd period - Nazem Kadri wins face-off versus Tim Stutzle in Colorado Rockies zone.
12:05 of 2nd period - Wrist shot by Nazem Kadri.
12:05 of 2nd period - Stopped by Joey Daccord with a rebound.
12:07 of 2nd period - Snap shot by William Nylander.
12:07 of 2nd period - Shot Misses the Net.
12:09 of 2nd period - Wrist shot by William Nylander.
12:09 of 2nd period - Shot Misses the Net.
12:11 of 2nd period - Wrist shot by William Nylander.
12:11 of 2nd period - Deflect By Nazem Kadri.
12:11 of 2nd period - Shot Blocked by Martin Fehervary.
12:11 of 2nd period - Puck is out of play.
12:12 of 2nd period - Nick Schmaltz wins face-off versus William Nylander in Colorado Rockies zone.
12:27 of 2nd period - Wrist shot by Brayden Schenn.
12:27 of 2nd period - Shot Misses the Net.
12:37 of 2nd period - Chandler Stephenson is hit by Tim Stutzle and loses puck.
13:00 of 2nd period - Slapshot by Alexey Toropchenko.
13:00 of 2nd period - Shot Blocked by Nikita Zadorov.
13:02 of 2nd period - Slapshot by Morgan Rielly.
13:02 of 2nd period - Stopped by Joey Daccord with a rebound.
13:08 of 2nd period - Snap shot by Morgan Rielly.
13:08 of 2nd period - Shot Blocked by Martin Fehervary.
13:40 of 2nd period - Snap shot by Morgan Rielly.
13:40 of 2nd period - Deflect By Brayden Schenn.
13:40 of 2nd period - Shot Misses the Net.
13:40 of 2nd period - Puck is out of play.
13:41 of 2nd period - Nazem Kadri wins face-off versus Kyle Connor in Colorado Rockies zone.
13:49 of 2nd period - Quinn Hughes is hit by Joshua Morrissey and loses puck.
13:52 of 2nd period - Wrist shot by David Pastrnak.
13:52 of 2nd period - Stopped by Linus Ullmark without a rebound.
13:53 of 2nd period - Tim Stutzle wins face-off versus Nazem Kadri in Anaheim Ducks zone.
14:26 of 2nd period - Snap shot by Mason Marchment.
14:26 of 2nd period - Shot Misses the Net.
14:36 of 2nd period - Minor Penalty to Mason Marchment for Tripping.
14:37 of 2nd period - Brayden Schenn wins face-off versus Kyle Connor in Anaheim Ducks zone.
15:11 of 2nd period - Wrist shot by Jesper Bratt.
15:11 of 2nd period - Shot Misses the Net.
15:13 of 2nd period - Slapshot by Nikita Kucherov.
15:13 of 2nd period - Shot Misses the Net.
15:32 of 2nd period - 10 Minutes Misconduct Penalty to Mark Scheifele is over.
15:38 of 2nd period - Icing by Tim Stutzle.
15:39 of 2nd period - Tim Stutzle wins face-off versus J.T. Compher in Colorado Rockies zone.
16:04 of 2nd period - Snap shot by David Pastrnak.
16:04 of 2nd period - Goal by David Pastrnak - Anaheim Ducks : 1 - Colorado Rockies : 3.
16:05 of 2nd period - Tim Stutzle wins face-off versus Nazem Kadri in neutral zone.
16:18 of 2nd period - Snap shot by Nikita Kucherov.
16:18 of 2nd period - Stopped by Linus Ullmark with a rebound.
16:39 of 2nd period - Snap shot by David Pastrnak.
16:39 of 2nd period - Shot Misses the Net.
16:41 of 2nd period - Snap shot by David Pastrnak.
16:41 of 2nd period - Shot Misses the Net.
16:43 of 2nd period - Snap shot by Nick Schmaltz.
16:43 of 2nd period - Goal by Nick Schmaltz - Anaheim Ducks : 1 - Colorado Rockies : 4.
16:44 of 2nd period - Nazem Kadri wins face-off versus Tim Stutzle in neutral zone.
16:47 of 2nd period - Wrist shot by John Tavares.
16:47 of 2nd period - Shot Misses the Net.
16:49 of 2nd period - Slapshot by Brenden Dillon.
16:49 of 2nd period - Shot Blocked by Victor Hedman.
16:51 of 2nd period - Wrist shot by Brenden Dillon.
16:51 of 2nd period - Stopped by Joey Daccord with a rebound.
17:01 of 2nd period - Wrist shot by Nazem Kadri.
17:01 of 2nd period - Shot Misses the Net.
17:15 of 2nd period - Kyle Connor is hit by Mason Marchment and loses puck.
17:28 of 2nd period - Backhand shot by Chandler Stephenson.
17:28 of 2nd period - Shot Misses the Net.
17:30 of 2nd period - Wrist shot by Alex Killorn.
17:30 of 2nd period - Stopped by Joey Daccord with a rebound.
17:32 of 2nd period - Snap shot by J.T. Compher.
17:32 of 2nd period - Shot Hit the Post.
17:34 of 2nd period - Wrist shot by Alex Killorn.
17:34 of 2nd period - Goal by Alex Killorn - Anaheim Ducks : 2 - Colorado Rockies : 4.
17:35 of 2nd period - Nazem Kadri wins face-off versus Tim Stutzle in neutral zone.
17:46 of 2nd period - Morgan Rielly is hit by Andrew Peeke.
18:17 of 2nd period - Snap shot by Brayden Schenn.
18:17 of 2nd period - Stopped by Joey Daccord with a rebound.
Goals for this period are 1 for Anaheim Ducks vs 4 for Colorado Rockies.
Shots for this period are 13 for Anaheim Ducks vs 13 for Colorado Rockies.
3rd period
0:01 of 3rd period - Tim Stutzle wins face-off versus John Tavares in neutral zone.
0:01 of 3rd period - Tim Stutzle is hit by William Nylander.
0:12 of 3rd period - Slapshot by Quinn Hughes.
0:12 of 3rd period - Deflect By Jesper Bratt.
0:12 of 3rd period - Shot Misses the Net.
0:12 of 3rd period - Puck is out of play.
0:13 of 3rd period - Nazem Kadri wins face-off versus Tim Stutzle in Anaheim Ducks zone.
0:40 of 3rd period - Kyle Connor is hit by Ivan Provorov and loses puck.
0:49 of 3rd period - Morgan Rielly is hit by Nick Schmaltz and loses puck.
1:25 of 3rd period - Wrist shot by Alexey Toropchenko.
1:25 of 3rd period - Stopped by Joey Daccord without a rebound.
1:26 of 3rd period - Alexandre Texier wins face-off versus Tim Stutzle in Colorado Rockies zone.
1:30 of 3rd period - Minor Penalty to Vince Dunn for Holding.
1:31 of 3rd period - John Tavares wins face-off versus Nikita Kucherov in Colorado Rockies zone.
2:01 of 3rd period - Snap shot by David Pastrnak.
2:01 of 3rd period - Shot Misses the Net.
2:03 of 3rd period - Snap shot by Nikita Zadorov.
2:03 of 3rd period - Stopped by Linus Ullmark with a rebound.
3:30 of 3rd period - Penalty to Vince Dunn is over, Vince Dunn is back on ice.
4:09 of 3rd period - Minor Penalty to Alex Killorn for Hooking.
4:10 of 3rd period - Nick Schmaltz wins face-off versus J.T. Compher in Anaheim Ducks zone.
4:37 of 3rd period - Esa Lindell is hit by Quinn Hughes and loses puck.
5:11 of 3rd period - Alexandre Texier is hit by Nikita Zadorov and loses puck.
5:53 of 3rd period - Vince Dunn is hit by Ivan Provorov and loses puck.
6:09 of 3rd period - Penalty to Alex Killorn is over, Alex Killorn is back on ice.
6:20 of 3rd period - Snap shot by Nazem Kadri.
6:20 of 3rd period - Shot Misses the Net.
7:08 of 3rd period - Icing by Jakob Chychrun.
7:09 of 3rd period - Nick Schmaltz wins face-off versus Nazem Kadri in Anaheim Ducks zone.
7:14 of 3rd period - Snap shot by Kyle Connor.
7:14 of 3rd period - Goal by Kyle Connor - Anaheim Ducks : 2 - Colorado Rockies : 5.
7:15 of 3rd period - Nazem Kadri wins face-off versus Tim Stutzle in neutral zone.
8:05 of 3rd period - Off-side.
8:06 of 3rd period - J.T. Compher wins face-off versus Philipp Kurashev in neutral zone.
8:29 of 3rd period - Icing by Vince Dunn.
8:30 of 3rd period - Nazem Kadri wins face-off versus Philipp Kurashev in Colorado Rockies zone.
8:43 of 3rd period - William Nylander is hit by Tim Stutzle and loses puck.
8:56 of 3rd period - Morgan Rielly is hit by Nikita Zadorov and loses puck.
9:06 of 3rd period - Minor Penalty to David Pastrnak for Cross-checking.
9:07 of 3rd period - John Tavares wins face-off versus Jesper Bratt in Colorado Rockies zone.
9:10 of 3rd period - Snap shot by John Tavares.
9:10 of 3rd period - Stopped by Joey Daccord with a rebound.
9:45 of 3rd period - Off-side.
9:46 of 3rd period - John Tavares wins face-off versus Tim Stutzle in neutral zone.
10:35 of 3rd period - Snap shot by William Nylander.
10:35 of 3rd period - Stopped by Joey Daccord without a rebound.
10:36 of 3rd period - John Tavares wins face-off versus Tim Stutzle in Colorado Rockies zone.
11:06 of 3rd period - Penalty to David Pastrnak is over, David Pastrnak is back on ice.
11:42 of 3rd period - Wrist shot by David Pastrnak.
11:42 of 3rd period - Stopped by Linus Ullmark with a rebound.
11:56 of 3rd period - David Pastrnak is hit by J.T. Compher and loses puck.
12:26 of 3rd period - Wrist shot by Brayden Schenn.
12:26 of 3rd period - Stopped by Joey Daccord without a rebound.
12:27 of 3rd period - Mark Scheifele wins face-off versus Tim Stutzle in Colorado Rockies zone.
12:47 of 3rd period - Slapshot by Victor Hedman.
12:47 of 3rd period - Stopped by Linus Ullmark with a rebound.
13:15 of 3rd period - Slapshot by Jakob Chychrun.
13:15 of 3rd period - Stopped by Joey Daccord with a rebound.
13:23 of 3rd period - Snap shot by Nikita Kucherov.
13:23 of 3rd period - Stopped by Linus Ullmark with a rebound.
13:25 of 3rd period - Slapshot by Quinn Hughes.
13:25 of 3rd period - Shot Misses the Net.
13:27 of 3rd period - Slapshot by Jesper Bratt.
13:27 of 3rd period - Stopped by Linus Ullmark with a rebound.
13:33 of 3rd period - Wrist shot by Nikita Kucherov.
13:33 of 3rd period - Stopped by Linus Ullmark without a rebound.
13:34 of 3rd period - Nick Schmaltz wins face-off versus Nazem Kadri in Anaheim Ducks zone.
14:53 of 3rd period - Icing by Andrew Peeke.
14:54 of 3rd period - Nick Schmaltz wins face-off versus Alexandre Texier in Colorado Rockies zone.
15:35 of 3rd period - Off-side.
15:36 of 3rd period - Nick Schmaltz wins face-off versus Mark Scheifele in neutral zone.
16:07 of 3rd period - Slapshot by Chandler Stephenson.
16:07 of 3rd period - Stopped by Joey Daccord with a rebound.
16:34 of 3rd period - Snap shot by John Tavares.
16:34 of 3rd period - Stopped by Joey Daccord without a rebound.
16:35 of 3rd period - Philipp Kurashev wins face-off versus Mark Scheifele in Colorado Rockies zone.
18:08 of 3rd period - Snap shot by Luke Evangelista.
18:08 of 3rd period - Shot Blocked by Andrew Peeke.
18:10 of 3rd period - Wrist shot by Alexandre Texier.
18:10 of 3rd period - Shot Blocked by Vince Dunn.
18:12 of 3rd period - Slapshot by Brenden Dillon.
18:12 of 3rd period - Stopped by Joey Daccord without a rebound.
18:13 of 3rd period - Nazem Kadri wins face-off versus Nick Schmaltz in Colorado Rockies zone.
18:24 of 3rd period - Wrist shot by David Pastrnak.
18:24 of 3rd period - Shot Misses the Net.
18:26 of 3rd period - Snap shot by David Pastrnak.
18:26 of 3rd period - Stopped by Linus Ullmark without a rebound.
18:27 of 3rd period - Tim Stutzle wins face-off versus Nazem Kadri in Anaheim Ducks zone.
18:30 of 3rd period - Snap shot by Nikita Kucherov.
18:30 of 3rd period - Stopped by Linus Ullmark with a rebound.
18:59 of 3rd period - Snap shot by David Pastrnak.
18:59 of 3rd period - Stopped by Linus Ullmark with a rebound.
19:03 of 3rd period - Snap shot by Kyle Connor.
19:03 of 3rd period - Deflect By David Pastrnak.
19:03 of 3rd period - Shot Blocked by Brayden Schenn.
19:03 of 3rd period - Puck is out of play.
19:04 of 3rd period - Nazem Kadri wins face-off versus Philipp Kurashev in Anaheim Ducks zone.
19:04 of 3rd period - Nazem Kadri is hit by Victor Hedman.
19:12 of 3rd period - Snap shot by Philipp Kurashev.
19:12 of 3rd period - Shot Misses the Net.
19:14 of 3rd period - Slapshot by Quinn Hughes.
19:14 of 3rd period - Shot Blocked by Morgan Rielly.
19:16 of 3rd period - Slapshot by Quinn Hughes.
19:16 of 3rd period - Stopped by Linus Ullmark with a rebound.
19:18 of 3rd period - Snap shot by Kyle Palmieri.
19:18 of 3rd period - Stopped by Linus Ullmark with a rebound.
19:32 of 3rd period - Slapshot by Brayden Schenn.
19:32 of 3rd period - Stopped by Joey Daccord without a rebound.
19:33 of 3rd period - Tim Stutzle wins face-off versus Mark Scheifele in Colorado Rockies zone.
Goals for this period are 0 for Anaheim Ducks vs 1 for Colorado Rockies.
Shots for this period are 9 for Anaheim Ducks vs 12 for Colorado Rockies.
Back to the Top